 Dungeon Crawl Stone Soup version 0.28.0-47-ge53b351184 (webtiles) character file.

Game seed: 9266801388125011216

429 101zpm the Chiller (level 6, 0/43 HPs)
             Began as a Vampire Ice Elementalist on Apr 29, 2022.
             Slain by Grinder (8 damage)
             ... on level 4 of the Dungeon.
             The game lasted 00:10:30 (3929 turns).

101zpm the Chiller (Vampire Ice Elementalist)       Turns: 3929, Time: 00:10:31

Health: 0/43       AC:  2    Str:  7    XL:     6   Next: 66%
Magic:  8/12       EV: 13    Int: 20    God:
Gold:   140        SH:  0    Dex: 14    Spells: 2/13 levels left

rFire   . . .      SeeInvis +   k - +2 short sword (elec)
rCold   . . .      Faith    .   (no shield)
rNeg    . . .      Spirit   .   a - +0 robe
rPois   .          Reflect  .   (no helmet)
rElec   .          Harm     .   (no cloak)
rCorr   .          Rampage  .   (no gloves)
Will    .....                   (no boots)
Stlth   ++........              (no amulet)
HPRegen 0.34/turn               (no ring)
MPRegen 0.13/turn               (no ring)

@: freezing walls, healing quickly
A: alive, fangs 3, see invisible, vampiric 2
a: Exsanguinate


You were on level 4 of the Dungeon.
You visited 1 branch of the dungeon, and saw 5 of its levels.

You collected 140 gold pieces.

Inventory:

Hand Weapons
 e - a +0 vampiric whip
 k - a +2 short sword of electrocution (weapon)
Armour
 a - a +0 robe (worn)
Wands
 p - a wand of polymorph (13)
Scrolls
 c - 2 scrolls of teleportation {unknown}
 i - 4 scrolls of identify {unknown}
 m - 2 scrolls of fear {unknown}
 o - a scroll of summoning {unknown}
Potions
 b - 3 potions of curing {unknown}
 d - a potion of mutation {unknown}
 f - a potion of heal wounds {unknown}
 g - a potion of brilliance {unknown}
 h - a potion of lignification {unknown}
 j - a potion of haste {unknown}
 l - a potion of cancellation {unknown}
 n - 3 potions of degeneration {unknown}
 q - a potion of invisibility {unknown}
 r - a potion of flight {unknown}


   Skills:
 + Level 1.5 Fighting
 + Level 0.1 Maces & Flails
 + Level 3.0 Dodging
 + Level 3.5 Stealth
 + Level 4.3 Spellcasting
 + Level 6.0 Ice Magic


You had 2 spell levels left.
You knew the following spells:

 Your Spells              Type           Power      Damage    Failure   Level
a - Freeze                Ice            100%       1d11      1%          1
b - Frozen Ramparts       Ice            56%        1d7       3%          3
c - Ozocubu's Armour      Ice            28%        N/A       3%          3
d - Hailstorm             Conj/Ice       16%        3d6       34%         4

Your spell library contained the following spells:

 Spells                   Type           Power      Damage    Failure   Level


Dungeon Overview and Level Annotations

Branches:
Dungeon (5/15)
 Temple: D:4-7

Altars:
Elyvilon
Kikubaaqudgha
Vehumet
Yredelemnul

Annotations:
D:2 1 runed translucent door, Crazy Yiuf
D:4 Grinder, Pikel


Innate Abilities, Weirdness & Mutations

Your natural rate of healing is accelerated.
You have razor-sharp teeth.
You have supernaturally acute eyesight. (SInv)
You are afflicted with vampirism and can become a bat while bloodless.


Message History

Your Ice Magic skill increases to level 6!
n - 3 lumpy silvery potions (gained 1)
A dart slug comes into view.
A dart slug is nearby!
No target in view!
You freeze the dart slug.
The dart slug is moderately wounded.
Grinder shouts!
The dart slug closely misses you. Grinder gestures at you.
You suddenly lose the ability to move!
The dart slug bites you but does no damage.
Grinder gestures at you. Pain shoots through your body!
The dart slug bites you.
The dart slug briefly extends its eye-stalks.
The dart slug bites you but does no damage.
Grinder says, "Wait up."
Grinder hits you!
You writhe in agony.
Grinder hits you but does no damage. The dart slug launches a dart at you.
The slug dart hits you.
You can move again.
Casting: Freeze (safe; 1% risk of failure)
Confirm with . or Enter, or press ? or * to list all spells.
Casting: Frozen Ramparts (dangerous; 3% risk of failure)
Press: ? - help, Dir - look around, f - activate The walls around you are covered in ice.
Grinder resists.
The wall freezes Grinder.
Grinder hits you!
You writhe in agony.
* * * LOW HITPOINT WARNING * * *
You are too injured to fight recklessly!
You are too injured to fight recklessly!
Aiming: Freeze (safe; 1% risk of failure)
Press: ? - help, Q - select action, (/) - cycle Shift-Dir - straight line, f - dart slug
Aim: a dart slug (moderately wounded)
You freeze the dart slug!
You kill the dart slug!
Grinder resists.
The wall freezes Grinder.
Grinder hits you!
You die...

†.#......§§§......##...#
..#..###.....#######...#
#.#..# ####..# #...#
..#..# ##.# #.><# .....#
#.#######..5# # .#...#
#...........# ###.
.##>.# ##..#.###...#
##... #..# #..#...#.)$#
##...§
#...@..#...#####....§
#..##5)(.............
#..##.)#)######.....§
.......))... #...)#§
###...>....# . ####.#.
.......### ######.#.
###...... ..........
....... ...######. ####
##


You could see Grinder.

Vanquished Creatures
  A scorpion (D:4)
  A howler monkey (D:4)
  A jelly (D:3)
  Ijyb (D:4)
  Natasha (thrice) (D:2)
  An orc wizard (D:2)
  Robin (D:4)
  7 adders
  2 worms
  7 dart slugs
  5 orcs
  7 bats
  5 endoplasms
  4 giant cockroaches
  10 goblins
  9 hobgoblins
  A quokka (D:4)
  6 ball pythons
  5 frilled lizards
  8 kobolds
  3 rats
88 creatures vanquished.

Notes
Turn   | Place    | Note
-------+----------+-------------------------------------------
     0 | D:1      | 101zpm the Vampire Ice Elementalist began the quest for the
                  | Orb.
     0 | D:1      | Reached XP level 1. HP: 13/13 MP: 3/3
   192 | D:2      | Reached XP level 2. HP: 15/20 MP: 3/5
   296 | D:4      | Noticed Pikel
   296 | D:4      | Noticed a lemure
   296 | D:4      | Noticed a lemure
   296 | D:4      | Noticed a lemure
   296 | D:4      | Noticed a lemure
   643 | D:1      | Gained mutation: You are afflicted with vampirism and can
                  | become a bat while bloodless. [Vampire growth]
   643 | D:1      | Reached XP level 3. HP: 25/25 MP: 6/6
  1912 | D:2      | Noticed Natasha
  1918 | D:2      | Killed Natasha
  1919 | D:2      | Reached XP level 4. HP: 13/31 MP: 5/8
  1995 | D:2      | Noticed Natasha
  2003 | D:2      | Killed Natasha
  2112 | D:2      | Noticed Natasha
  2118 | D:2      | Killed Natasha
  2119 | D:2      | Reached skill level 5 in Ice Magic
  2202 | D:2      | Reached XP level 5. HP: 31/36 MP: 5/10
  2258 | D:2      | Found a runed translucent door.
  2259 | D:2      | Noticed Crazy Yiuf
  2649 | D:2      | Reached skill level 1 in Fighting
  2978 | D:3      | Found an ancient bone altar of Kikubaaqudgha.
  3170 | D:3      | Found a faded altar of an unknown god.
  3282 | D:4      | Learned a level 3 spell: Frozen Ramparts
  3286 | D:4      | Learned a level 3 spell: Ozocubu's Armour
  3291 | D:4      | Learned a level 4 spell: Hailstorm
  3313 | D:4      | Reached XP level 6. HP: 40/43 MP: 9/12
  3381 | D:4      | Found a basalt altar of Yredelemnul.
  3401 | D:4      | Noticed Ijyb
  3411 | D:4      | Killed Ijyb
  3623 | D:4      | Noticed Robin
  3627 | D:4      | Noticed Grinder
  3631 | D:4      | Killed Robin
  3637 | D:4      | Paralysed by Grinder for 3 turns
  3774 | D:4      | Found a radiant altar of Vehumet.
  3794 | D:5      | Entered Level 5 of the Dungeon
  3794 | D:5      | Noticed an orc warrior
  3886 | D:4      | Reached skill level 6 in Ice Magic
  3922 | D:4      | Paralysed by Grinder for 6 turns
  3929 | D:4      | Slain by Grinder

Illustrated notes

Levels and vault maps discovered:
D:1:      elethiomel_arrival_quiet, layout_basic, serial_co_window_serial,
          co_window_of_opportunity_a, co_window_paths_a, co_window_paths_b,
          co_window_corner_a, co_window_paths_a, co_window_broadway_c,
          co_window_broadway_b, co_window_2corner, co_window_broadway_a,
          co_window_corner_b, co_window_2corner, co_window_4corner_a,
          glass_columns_b, glass_columns_a
D:2:      layout_rooms, basic_altar, uniq_crazy_yiuf_cottage, uniq_natasha
D:3:      layout_rooms, kiku_gazebo_pond_becter,
          nicolae_ecumenical_snake_handling
D:4:      layout_loops_ring, mainiacjoe_overflow_brackets,
          mainiacjoe_overflow_concentric_impassable, minmay_manual_mullet,
          uniq_edmund, uniq_pikel, uniq_ijyb, uniq_robin, uniq_grinder
D:5:      layout_basic, minmay_temple_entry_proselytizer, serial_shops,
          kennysheep_mini, hellmonk_bongcloud_opening, chequers_jeans

Skill      XL: |  1  2  3  4  5  6 |
---------------+-------------------+-----
Spellcasting   | 3 4 |  4.3
Ice Magic      | 5 6 |  6.0
Fighting       | 1 |  1.5
Dodging        | 3 |  3.0
Maces & Flails | |  0.1
Stealth        | |  3.5

Action                   |  1- 3 |  4- 6 || total
-------------------------+-------+-------++-------
Melee: Unarmed           |    15 |       ||    15
       Bite              |     4 |       ||     4
       Whip              |     8 |       ||     8
       Short sword       |       |     4 ||     4
 Cast: Freeze            |    48 |    86 ||   134
       Frozen Ramparts   |       |     3 ||     3
       Ozocubu's Armour  |       |     2 ||     2
Armor: Robe              |    14 |    12 ||    26
       Skin              |       |     7 ||     7
Dodge: Dodged            |    48 |    43 ||    91
